 Dungeon Crawl Stone Soup version 0.29.1-15-g9cfb28693d (webtiles) character file.

Game seed: 18418944840080944539

21 Thatpatchoflichen the Trooper (level 2, -3/27 HPs)
             Began as a Ghoul Monk on Feb 23, 2023.
             Slain by a gnoll
             ... wielding a +2 flail of holy wrath
              (7 damage)
             ... on level 1 of the Dungeon.
             The game lasted 00:02:28 (1364 turns).

Thatpatchoflichen the Trooper (Ghoul Monk)          Turns: 1364, Time: 00:02:28

Health: -3/27      AC:  2    Str: 14    XL:     2   Next: 83%
Magic:  1/1        EV: 12    Int:  5    God:
Gold:   35         SH:  0    Dex: 11    Spells: 1/1 levels left

rFire   . . .      SeeInvis .   a - +0 spear
rCold   + . .      Faith    .   (no shield)
rNeg    + + +      Spirit   .   b - +0 robe
rPois   ∞          Reflect  .   (no helmet)
rElec   .          Harm     .   (no cloak)
rCorr   .          Rampage  .   (no gloves)
Will    .....                   (no boots)
Stlth   ++........              (no amulet)
HPRegen 0.00/turn               (no ring)
MPRegen 0.07/turn               (no ring)

@: inhibited regen
A: claws 1, cold resistance 1, negative energy resistance 3, inhibited
regeneration, torment resistance 2, devour on kill
a: no special abilities


You were on level 1 of the Dungeon.
You visited 1 branch of the dungeon, and saw 2 of its levels.

You collected 35 gold pieces.

Inventory:

Hand Weapons
 a - a +0 spear (weapon)
Missiles
 d - 6 poisoned darts (quivered)
 f - 5 atropa-tipped darts
 k - 3 curare-tipped darts
Armour
 b - a +0 robe (worn)
 h - a +0 chain mail
Scrolls
 e - a scroll of blinking {unknown}
 g - a scroll of noise {unknown}
 i - a scroll of teleportation {unknown}
Potions
 c - a potion of ambrosia
 j - a potion of brilliance {unknown}


   Skills:
 + Level 3.7 Fighting
 - Level 3.0 Polearms
 - Level 3.0 Dodging
 - Level 2.4 Stealth


You had one spell level left.
You didn't know any spells.
Your spell library was empty.

Dungeon Overview and Level Annotations

Branches:
Dungeon (2/15)

Altars:


Innate Abilities, Weirdness & Mutations

You are immune to poison.
You have sharp fingernails.
Your flesh is cold resistant. (rC+)
You are immune to negative energy. (rN+++)
You do not regenerate when monsters are visible.
You are immune to unholy pain and torment.
You thrive by killing the living.


Message History

You open the door.
There is an open door here.
A gnoll comes into view.
It is wielding a +2 flail of holy wrath. 2 gnolls come into view.
The gnoll shouts!
There is an open door here.
There is an open door here.
What are your orders? t - Shout!
Orders for allies: a - Attack new target. r - Retreat! s - Stop attacking. g - Guard the area. f - Follow me.
Anything else - Cancel.
Okay, then.
There is a stone staircase leading up here.
You climb upwards.
There is a stone staircase leading down here.
You see here a quokka skeleton.
You hit the gnoll but do no damage. The gnoll closely misses you.
You hit the gnoll.
The gnoll is lightly wounded.
The gnoll hits you with a +2 flail of holy wrath.
You convulse.
You hit the gnoll.
The gnoll is severely wounded.
The gnoll barely misses you.
You closely miss the gnoll.
The gnoll is severely wounded.
The gnoll hits you with a +2 flail of holy wrath!
You convulse.
You hit the gnoll.
The gnoll is almost dead.
The gnoll hits you with a +2 flail of holy wrath.
* * * LOW HITPOINT WARNING * * *
You convulse.
* * * LOW HITPOINT WARNING * * *
You barely miss the gnoll.
The gnoll is almost dead.
The gnoll hits you with a +2 flail of holy wrath!
You die...

######## #.......
#.####.. ###.####..
##########.....##..
#...#....###.#.....
#...'....# #.##....
#...###### #.###...
#.@.# #......#
#..g# ######.#
#...# #.# #'###
###### ##'#
##.####....## ##...
#.#.#.#.....###....
#.##>#'......#.....
#'#####....#.......
#....##............


You could see a gnoll.

Vanquished Creatures
  2 bats (D:1)
  2 endoplasms (D:1)
  3 goblins (D:1)
  2 hobgoblins (D:1)
  4 quokkas
  A ball python (D:1)
  A frilled lizard (D:1)
  4 rats
19 creatures vanquished.

Notes
Turn   | Place    | Note
-------+----------+-------------------------------------------
     0 | D:1      | Thatpatchoflichen the Ghoul Monk began the quest for the
                  | Orb.
     0 | D:1      | Reached XP level 1. HP: 19/19 MP: 0/0
   273 | D:1      | Reached XP level 2. HP: 26/26 MP: 1/1
  1364 | D:1      | Slain by a gnoll

Illustrated notes

Levels and vault maps discovered:
D:1:      dpeg_arrival_connections, layout_loops_corners, roderic_lattice_a,
          chequers_mini_garden, chequers_serial_rivers_micro_e
D:2:      layout_basic, hellmonk_ecumenical_altar_heavens_door,
          palyth_stone_intersect

Skill      XL: |  1  2 |
---------------+-------+-----
Polearms       | 3 |  3.0
Dodging        | 3 |  3.0
Fighting       | |  3.7
Stealth        | |  2.4

Action                   || total
-------------------------++-------
Melee: Spear             ||    58
 Stab: Sleeping          ||     2
Armor: Robe              ||    12
Dodge: Dodged            ||    37
